 Dungeon Crawl Stone Soup version 0.28-a0-1616-g050a50673c (webtiles) character file.

Game seed: 16548605435825249864

20 fragbeetle the Chopper (level 2, -2/19 (27) HPs)
             Began as a Hill Orc Monk on Jan 23, 2022.
             Was a Believer of Beogh.
             Slain by an orc (3 damage)
             ... on level 2 of the Dungeon.
             The game lasted 00:01:46 (977 turns).

fragbeetle the Chopper (Hill Orc Monk)               Turns: 977, Time: 00:01:47

HP:   -2/19 (27)    AC:  2    Str: 13    XL:     2   Next: 79%
MP:   2/2           EV: 12    Int: 10    God:    Beogh [**....]
Gold: 24            SH:  0    Dex: 13    Spells: 1/1 levels left

rFire   . . .      SeeInvis .   a - +0 hand axe
rCold   . . .      Faith    .   (no shield)
rNeg    . . .      Spirit   .   b - +0 robe
rPois   .          Reflect  .   (no helmet)
rElec   .          Harm     .   (no cloak)
rCorr   .          Rampage  .   (no gloves)
Will    .....                   (no boots)
Stlth   ++........              (no amulet)
HPRegen 0.06/turn               (no ring)
MPRegen 0.08/turn               (no ring)

@: very heavily drained
A: no striking features
a: Renounce Religion, Smiting


You were on level 2 of the Dungeon.
You worshipped Beogh.
Beogh was pleased with you.
You visited 1 branch of the dungeon, and saw 2 of its levels.

You collected 24 gold pieces.

Inventory:

Hand Weapons
 a - a +0 hand axe (weapon)
Missiles
 k - 22 sling bullets
Armour
 b - a +0 robe (worn)
Magical Staves
 f - a staff of poison
Scrolls
 d - a scroll of summoning {unknown}
 j - a scroll of teleportation {unknown}
Potions
 c - a potion of cancellation {unknown}
 e - 2 potions of flight {unknown}
 g - 2 potions of mutation {unknown}
 h - a potion of invisibility {unknown}
 i - 2 potions of curing {unknown}


   Skills:
 + Level 3.9 Fighting
 * Level 4.7 Axes
 + Level 2.6 Dodging
 - Level 1.5 Stealth


You had one spell level left.
You didn't know any spells.
Your spell library contained the following spells:

 Spells                   Type           Power      Damage    Failure   Level
 Animate Skeleton         Necr           0%         N/A       36%         1
 Apportation              Tloc           0%         N/A       36%         1
 Summon Small Mammal      Summ           0%         N/A       36%         1
 Alistair's Intoxication  Tmut/Pois      0%         N/A       100%        5


Dungeon Overview and Level Annotations

Branches:
Dungeon (2/15)

Altars:
Beogh

Shops:
D:2 *


Message History

The orc hits you but does no damage.
You closely miss the orc.
The orc is heavily wounded.
You hit the orc. You closely miss the orc. The orc completely misses you.
The orc hits you but does no damage.
The orc priest calls upon Beogh to heal the orc.
The orc's wounds heal themselves!
The orc grunts, "The messiah will be a true Orc!"
The orc misses you.
You closely miss the orc.
The orc is heavily wounded.
You hit the orc. You hit the orc but do no damage.
The orc hits you with a +0 dagger of draining.
You feel drained. The orc hits you with a +0 club. The orc closely misses you.
You barely miss the orc.
The orc is heavily wounded.
You barely miss the orc. You hit the orc.
The orc hits you with a +0 dagger of draining.
You feel drained. The orc barely misses you. The orc hits you with a +0 club.
You barely miss the orc.
The orc is heavily wounded.
The orc priest shouts!
You hit the orc but do no damage. You closely miss the orc.
The orc hits you but does no damage.
You feel drained. The orc barely misses you. x2
You closely miss the orc.
The orc is heavily wounded.
You barely miss the orc. x2
The orc hits you with a +0 dagger of draining.
You feel drained. The orc hits you with a +0 club. The orc closely misses you.
You hit the orc but do no damage.
The orc is heavily wounded.
You closely miss the orc. You barely miss the orc.
The orc hits you with a +0 dagger of draining.
* * * LOW HITPOINT WARNING * * *
You feel drained. The orc hits you with a +0 club.
* * * LOW HITPOINT WARNING * * *
The orc hits you with a +0 club.
You die...
Beogh appreciates the orc's killing of a heretic priest.

##..##.###.........
#..##.# #.........
.......#..##.#
#.........
.8..o8.#.>...#
#.........
..oo...#..####
##########
.....o.#..#
...oo..#..#
.8..o8.#..#
.......#@.#
.....o.ooo#
##.....o..#
##########


You could see 2 orc priests and 3 orcs.

Vanquished Creatures
  2 orcs (D:2)
  2 bats (D:1)
  2 endoplasms (D:1)
  2 goblins (D:1)
  A hobgoblin (D:1)
  3 ball pythons (D:1)
  3 frilled lizards (D:1)
  A kobold (D:1)
  2 rats
18 creatures vanquished.

Notes
Turn   | Place    | Note
-------+----------+-------------------------------------------
     0 | D:1      | fragbeetle the Hill Orc Monk began the quest for the Orb.
     0 | D:1      | Reached XP level 1. HP: 19/19 MP: 1/1
   192 | D:1      | Reached XP level 2. HP: 27/27 MP: 2/2
   424 | D:1      | Found a faded altar of an unknown god.
   435 | D:1      | Prayed at the altar of an unknown god.
   435 | D:1      | Became a worshipper of Beogh the Brigand
   435 | D:1      | Reached * piety under Beogh
   435 | D:1      | Reached ** piety under Beogh
   894 | D:2      | Found Ehucyowk's Assorted Antiques.
   977 | D:2      | Slain by an orc

Illustrated notes

Levels and vault maps discovered:
D:1:      lightli_arrival_flooded_house, layout_basic,
          shapermc_ecumenical_altar_starsandcircs
D:2:      cheibrodos_pilgrimage, layout_basic, serial_shops, shop_fountains

Action                   || total
-------------------------++-------
Melee: Hand axe          ||    39
       Punch             ||     1
 Stab: Sleeping          ||     4
Armor: Robe              ||     9
Dodge: Dodged            ||    28

Table legend: (Time is in decaauts)
 A = Elapsed time spent in this place.
 B = Non-inter-level travel time spent in this place.
 C = Inter-level travel time spent in this place.
 D = Time resting spent in this place.
 E = Time spent auto-exploring this place.
 F = Levels seen in this place.
 G = Mean time per level.
                   A        B        C        D        E       F      G
               +--------+--------+--------+--------+--------+-----+--------+
         Total |    980 |    965 |     15 |      0 |    772 |   2 |  490.0 |
       Dungeon |    980 |    965 |     15 |      0 |    772 |   2 |  490.0 |
               +--------+--------+--------+--------+--------+-----+--------+

Top non-repeatable levels by time:
     D:1: 717 daAuts
     D:2: 262 daAuts
